 Dungeon Crawl Stone Soup version 0.22.1-2-g9c5b331 (webtiles) character file.

101 Lilu the Conjurer (level 4, 0/25 HPs)
             Began as a Deep Elf Conjurer on Nov 30, 2018.
             Slain by a gnoll
             ... wielding a +0 flail
              (7 damage)
             ... on level 4 of the Dungeon.
             The game lasted 00:08:49 (2671 turns).

Lilu the Conjurer (Deep Elf Conjurer)               Turns: 2671, Time: 00:08:50

Health: 0/25       AC:  4    Str:  5    XL:     4   Next: 48%
Magic:  6/11       EV:  6    Int: 21    God:
Gold:   79         SH:  0    Dex: 15    Spells: 3/10 levels left

rFire    . . .     SeeInvis .   o - -2 hunting sling (curse)
rCold    . . .     Gourm    +   (no shield)
rNeg     . . .     Faith    .   s - +0 leather armour
rPois    .         Spirit   .   l - +0 helmet
rElec    .         Reflect  .   (no cloak)
rCorr    .         Harm     .   (no gloves)
MR       .....                  (no boots)
Stlth    ++........             k - amulet of the gourmand
HPRegen  0.08/turn              (no ring)
MPRegen  0.12/turn              (no ring)

@: held
A: no striking features
a: no special abilities


You were on level 4 of the Dungeon.
You were very full.

You visited 1 branch of the dungeon, and saw 4 of its levels.

You collected 79 gold pieces.

Inventory:

Hand Weapons
 h - a +0 short sword
 o - a cursed -2 hunting sling (weapon)
 r - a +0 dagger of flaming
 t - a +1 dagger of venom
 u - a +0 hunting sling
Missiles
 p - 5 poisoned javelins
 q - 43 stones (quivered)
Armour
 a - a +0 robe
 l - a +0 helmet (worn)
 s - a +0 leather armour (worn)
Jewellery
 k - an amulet of the gourmand (around neck)
Scrolls
 b - a scroll of fear {unknown}
 d - 2 scrolls of identify
 e - a scroll of random uselessness {unknown}
 f - a scroll of enchant armour {unknown}
 g - 2 scrolls of teleportation {unknown}
 i - a scroll of remove curse
 j - 3 scrolls of blinking
Potions
 m - a potion of might
 v - 2 potions of invisibility {unknown}
Comestibles
 c - 4 rations


   Skills:
 + Level 1.3 Fighting
 + Level 3.3 Dodging
 - Level 2.4 Stealth
 + Level 3.9 Spellcasting
 * Level 5.3 Conjurations


You had 3 spell levels left.
You knew the following spells:

 Your Spells              Type           Power        Failure   Level  Hunger
a - Magic Dart            Conj           ####         2%          1    None
b - Searing Ray           Conj           ####..       3%          2    #......
c - Iskenderun's Mystic   Conj           ####....     22%         4    ####...

Your spell library contained the following spells:

 Spells                   Type           Power        Failure   Level  Hunger
 Dazzling Spray           Conj/Hex       ###...       21%         3    ###....
 Force Lance              Conj/Tloc      ###.....     56%         4    ####...
 Fulminant Prism          Conj/Hex       ###.......   56%         4    ####...


Dungeon Overview and Level Annotations

Branches:
Dungeon (4/15)
 Temple: D:4-7

Altars:


Message History

The gnoll hits you from afar with a spear.
You struggle against the net.
An adder comes into view.
The gnoll hits you from afar with a spear!
The gnoll hits you with a flail.
Casting: Magic Dart (safe; 2% risk of failure)
Confirm with . or Enter, or press ? or * to list all spells.
Aiming: Searing Ray (safe; 3% risk of failure)
Press: ? - help, Shift-Dir - straight line, f/p - gnoll
Aim: a gnoll, wielding a flail (moderately wounded)
The searing ray hits the gnoll.
The gnoll is severely wounded. (Press . to maintain the ray.)
The adder hisses angrily.
The gnoll hits you from afar with a spear.
* * * LOW HITPOINT WARNING * * *
The searing ray hits the gnoll.
The gnoll is almost dead.
The gnoll hits you with a flail!
You die...

....###..
......#.#
........##
.........##
..........##
...........#
...........##..
.......@g......
........g......
...$.....g.....
............S..
#..............
.#.............
...............
#..............


You could see 3 gnolls and an adder.

Vanquished Creatures
  An adder (D:2)
  A worm (D:2)
  3 dart slugs
  A leopard gecko (D:3)
  9 orcs (D:3)
  A ball python (D:1)
  A bat (D:2)
  5 giant cockroaches
  8 goblins
  7 hobgoblins
  4 jackals
  9 kobolds
  2 quokkas
  6 frilled lizards
  9 rats
67 creatures vanquished.

Notes
Turn   | Place    | Note
-------+----------+-------------------------------------------
     0 | D:1      | Lilu the Deep Elf Conjurer began the quest for the Orb.
     0 | D:1      | Reached XP level 1. HP: 10/10 MP: 6/6
   129 | D:1      | Reached XP level 2. HP: 16/16 MP: 1/8
   133 | D:1      | Learned a level 2 spell: Searing Ray
   941 | D:2      | Reached XP level 3. HP: 20/20 MP: 6/9
  1157 | D:2      | Reached skill level 5 in Conjurations
  1326 | D:2      | Reached skill level 1 in Fighting
  1731 | D:3      | Reached XP level 4. HP: 25/25 MP: 7/11
  1742 | D:3      | Learned a level 4 spell: Iskenderun's Mystic Blast
  2054 | D:3      | Found a faded altar of an unknown god.
  2671 | D:4      | Slain by a gnoll

Skill      XL: |  1  2  3 |
---------------+----------+-----
Dodging        | 3 |  3.3
Conjurations   | 5 |  5.3
Fighting       | 1 |  1.3
Stealth        | |  2.4
Spellcasting   | |  3.9

Action                   |  1- 3 |  4- 6 || total
-------------------------+-------+-------++-------
Melee: Short sword       |    14 |       ||    14
 Cast: Magic Dart        |    70 |    33 ||   103
       Searing Ray       |     2 |     3 ||     5
  Use: Scroll            |     4 |       ||     4
  Eat: Chunk             |    13 |     2 ||    15
Armor: Robe              |     2 |     1 ||     3
Dodge: Dodged            |    11 |     5 ||    16
